 Dungeon Crawl Stone Soup version 0.31-a0-188-g5e087ee2ca (webtiles) character file.

Game seed: 15591165610612960410

37 qw the Shooter (level 3, 0/20 HPs)
             Began as a Deep Elf Hunter on June 22, 2023.
             Succumbed to an adder's poison
             ... on level 2 of the Dungeon.
             The game lasted 00:00:19 (925 turns).

qw the Shooter (Deep Elf Hunter)                     Turns: 925, Time: 00:00:20

Health: 0/20       AC:  7    Str: 10    XL:     3   Next: 21%
Magic:  5/5        EV:  9    Int: 13    God:
Gold:   88         SH:  0    Dex: 18    Spells: 2/2 levels left

rFire   . . .        Y - +0 shortbow
rCold   . . .        (shield currently unavailable)
rNeg    . . .        h - +0 scale mail
rPois   .            (no helmet)
rElec   .            f - +0 cloak
rCorr   +            (no gloves)
SInv    .            (no boots)
Will    .....        (no amulet)
Stlth   +            k - ring of resist corrosion
HPRegen 0.23/turn    (no ring)
MPRegen 0.09/turn

%: no passive effects
@: lethally poisoned (0 -> -5)
A: no striking features
a: no special abilities


You were on level 2 of the Dungeon.
You visited 1 branch of the dungeon, and saw 2 of its levels.

You collected 88 gold pieces.


   Skills:
 - Level 1.5 Fighting
 + Level 6.8 Ranged Weapons
 - Level 2.4 Dodging
 - Level 1.2 Stealth


You had 2 spell levels left.
You didn't know any spells.
Your spell library was empty.

Inventory:

Hand Weapons
 Y - a +0 shortbow (weapon)
Armour
 b - a +0 pair of gloves
 f - a +0 cloak (worn)
 h - a +0 scale mail (worn)
Jewellery
 k - a ring of resist corrosion (left hand)
Scrolls
 a - a scroll of identify
Potions
 c - a potion of heal wounds {unknown}
 e - a potion of cancellation {unknown}
 i - a potion of might {unknown}
 j - 2 potions of enlightenment

Dungeon Overview and Level Annotations

Branches:
Dungeon (2/15)

Altars:


Message History

The quokka barely misses you. x2
You shoot an arrow. The arrow misses the quokka.
The arrow hits the adder but does no damage.
The quokka bites you. x2
You shoot an arrow. The arrow hits the quokka.
The quokka is heavily wounded.
The quokka barely misses you.
A worm comes into view.
You shoot an arrow. The arrow barely misses the quokka.
The arrow misses the adder.
The arrow barely misses the kobold.
The adder bites you but does no damage.
You shoot an arrow. The arrow misses the adder.
The arrow hits the quokka.
The quokka is severely wounded.
The adder bites you but does no damage.
You shoot an arrow. The arrow closely misses the adder.
The arrow closely misses the quokka.
The arrow hits the kobold but does no damage.
The adder bites you but does no damage. x2
You shoot an arrow.
The arrow hits the adder but does no damage.
The adder bites you.
You are poisoned.
The adder poisons you! The adder bites you but does no damage.
You shoot an arrow. The arrow hits the adder.
The adder is moderately wounded.
You feel very sick. The adder bites you.
You are lethally poisoned!
The adder poisons you! The adder bites you but does no damage.
You shoot an arrow. The arrow hits the adder.
The adder is moderately wounded.
You feel very sick. The adder barely misses you.
The adder bites you but does no damage.
You shoot an arrow. The arrow barely misses the adder.
The arrow barely misses the quokka.
The arrow closely misses the kobold.
You feel very sick. The adder bites you.
You shoot an arrow. The arrow hits the adder.
The adder is severely wounded.
You die...

#...##.### ##.....###
##########.#.....
#........#.#.###.
#........#...#...
######........#..##.##
.##....#........#..##.#
................%.##..#
####.w@.#......#.##.##
#.#S^....#####.##.#
#.#r#....## #....#
#!#K##.#### #..### ?#)#
#.# #..# #$# #.# ####
#.# #.# .# ..#


You could see a worm, an adder, a quokka and a kobold.

Vanquished Creatures
  An adder (D:2)
  A dart slug (D:1)
  3 ball pythons (D:1)
  2 bats (D:1)
  An endoplasm (D:2)
  A giant cockroach (D:1)
  A goblin (D:1)
  A hobgoblin (D:1)
  6 jackals (D:1)
  A quokka (D:1)
  4 frilled lizards
  A rat (D:1)
23 creatures vanquished.

Notes
Turn   | Place    | Note
-------+----------+-------------------------------------------
     0 | D:1      | qw the Deep Elf Hunter began the quest for the Orb.
     0 | D:1      | Reached XP level 1. HP: 12/12 MP: 3/3
     0 | D:1      | 0 ||| qw: Version: 0.3-a-9-g12657ce
     0 | D:1      | 0 ||| qw: Game counter: 2970
     0 | D:1      | 0 ||| qw: Always use a shield: true
     0 | D:1      | 0 ||| qw: God list: Okawaru
     0 | D:1      | 0 ||| qw: Allow faded altars: false
     0 | D:1      | 0 ||| qw: Do Orc after D:15 true
     0 | D:1      | 0 ||| qw: Do second Lair branch before Depths: true
     0 | D:1      | 0 ||| qw: Lair rune preference: random
     0 | D:1      | 0 ||| qw: Plans: Normal
     0 | D:1      | 0 ||| PLANNING D:1-11
   135 | D:1      | Reached XP level 2. HP: 16/16 MP: 4/4
   160 | D:1      | Reached skill level 6 in Ranged Weapons
   376 | D:1      | Found a faded altar of an unknown god.
   728 | D:1      | 728 ||| UPGRADING to +0 cloak.
   733 | D:1      | 733 ||| UPGRADING to +0 scale mail.
   743 | D:1      | 743 ||| DROPPING +0 leather armour.
   744 | D:1      | 744 ||| UPGRADING to ring of resist corrosion.
   745 | D:1      | 745 ||| READING 2 scrolls labelled LAIFYTITAL.
   746 | D:1      | 746 ||| READING scroll labelled POOLYO CILIS.
   747 | D:1      | 747 ||| READING scroll labelled JUROUDW JITOETRA.
   748 | D:1      | 748 ||| DRINKING 3 fizzy golden potions.
   749 | D:1      | 749 ||| DROPPING scroll of butterflies.
   898 | D:2      | Reached XP level 3. HP: 20/20 MP: 5/5
   924 | D:2      | HP: 4/20 [poisoned by an adder]
   925 | D:2      | Succumbed to an adder's poison

Levels and vault maps discovered:
D:1:      dpeg_arrival_rooms_c, layout_loops_ring,
          hellmonk_ecumenical_altar_inner_sanctum, minmay_pentomino_t2
D:2:      layout_rooms, kennysheep_path_1, minmay_circle_x

Skill      XL: |  1  2 |
---------------+-------+-----
Ranged Weapons | 6 |  6.8
Fighting       | |  1.5
Dodging        | |  2.4
Stealth        | |  1.2

Action                     || total
---------------------------++-------
   Fire: Shortbow          ||    75
    Use: Scroll            ||     3
         Potion            ||     1
 Armour: Leather armour    ||     5
         Scale mail        ||    12
  Dodge: Dodged            ||    32

Table legend:
 A = Non-vault XP
 B = Vault XP
 C = Vault XP percentage of total XP
 D = Non-vault monster count
 E = Vault monster count
 F = Vault count percentage of total count
                 A         B        C        D         E       F
            +---------+---------+-------+---------+---------+-------
      Total |      51 |       2 |   3.8 |      22 |       1 |   4.3
            +---------+---------+-------+---------+---------+-------
        D:1 |      34 |       2 |   5.6 |      18 |       1 |   5.3
        D:2 |      17 |       0 |   0.0 |       4 |       0 |   0.0
            +---------+---------+-------+---------+---------+-------
